 Dungeon Crawl Stone Soup version 0.22-a0-618-gd6a3efe (webtiles) character file.

127 Amnesiac the Magician (level 4, -1/30 HPs)
             Began as a Mummy Earth Elementalist on July 13, 2018.
             Slain by an orc
             ... wielding a +0 dagger
              (4 damage)
             ... on level 3 of the Dungeon.
             The game lasted 00:04:25 (2430 turns).

Amnesiac the Magician (Mummy Earth Elementalist)    Turns: 2430, Time: 00:04:26

Health: -1/30      AC:  3    Str: 11    XL:     4   Next: 85%
Magic:  3/8        EV: 12    Int: 15    God:
Gold:   62         SH:  0    Dex: 12    Spells: 2/9 levels left

rFire    x . .     SeeInvis .   a - +1 dagger (freeze)
rCold    + . .     Gourm    .   (no shield)
rNeg     + + +     Faith    .   c - +0 robe
rPois    ∞         Spirit   .   (no helmet)
rElec    .         Reflect  .   (no cloak)
rCorr    .         Harm     .   (no gloves)
MR       .....                  g - +0 pair of boots
Stlth    ++........             (no amulet)
HPRegen  0.10/turn              (no ring)
MPRegen  0.11/turn              (no ring)

@: very slightly contaminated
A: no food or potions, fire vulnerability, cold resistance 1, negative energy
resistance 3, torment resistance, unbreathing
a: no special abilities


You were on level 3 of the Dungeon.
You were not hungry.

You visited 1 branch of the dungeon, and saw 4 of its levels.

You collected 62 gold pieces.

Inventory:

Hand Weapons
 a - a +1 dagger of freezing (weapon)
 j - a +3 dagger
 w - a +0 blowgun
Missiles
 h - 21 stones (quivered)
 i - 15 poisoned needles
Armour
 c - a +0 robe (worn)
 g - a +0 pair of boots (worn)
Magical Staves
 b - an uncursed staff of power
Scrolls
 d - 2 scrolls of identify {!r, unknown}
 e - a scroll of enchant armour {!r, unknown}
 f - a scroll of fog {!r, unknown}


   Skills:
 - Level 2.0 Short Blades
 - Level 1.5 Dodging
 - Level 2.0 Stealth
 - Level 3.0 Spellcasting
 + Level 2.2 Transmutations
 - Level 3.0 Earth Magic


You had 2 spell levels left.
You knew the following spells:

 Your Spells              Type           Power        Failure   Level  Hunger
a - Sandblast             Erth           ##....       6%          1    N/A
b - Passwall              Tmut/Erth      ##......     11%         2    N/A
e - Petrify               Tmut/Erth      ##......     56%         4    N/A

Your spell library contained the following spells:

 Spells                   Type           Power        Failure   Level  Hunger
 Confuse                  Hex            #.......     52%         3    N/A
 Stone Arrow              Conj/Erth      #.....       32%         3    N/A
 Confusing Touch          Hex            #.....       21%         1    N/A
 Metabolic Englaciation   Hex/Ice        #.........   99%         5    N/A
 Lee's Rapid Deconstruct  Erth           ##........   85%         5    N/A
 Gell's Gravitas          Tloc           #.........   52%         3    N/A
 Yara's Violent Unravell  Hex/Tmut       #.........   98%         5    N/A

Dungeon Overview and Level Annotations

Branches:
Dungeon (4/15)
 Temple: D:4-7

Altars:
Gozag
Okawaru
Ru
Zin

Shops:
D:2 *


Innate Abilities, Weirdness & Mutations

You do not eat or drink.
Your flesh is vulnerable to fire.
You are immune to poison.
Your flesh is cold resistant. (rC+)
You are immune to negative energy. (rN+++)
You are immune to unholy pain and torment.
You can survive without breathing.


Message History

The orc shouts! x2; The adder hisses angrily.
You hear a shout!
An orc priest comes into view. It is wielding a club.
A quokka comes into view.
Casting: Sandblast (safe; 6% risk of failure)
Confirm with . or Enter, or press ? or * to list all spells.
Aiming: Sandblast (safe; 6% risk of failure)
Press: ? - help, Shift-Dir - straight line, f - orc
Aim: an orc, wearing a scale mail You miscast Sandblast.
You are very lightly contaminated with residual magic.
The floor shifts beneath you alarmingly!
A rat comes into view.
The orc barely misses you.
The orc priest invokes the aid of Beogh against you.
Beogh smites you!
Ouch! That really hurt!
* * * LOW HITPOINT WARNING * * *
The adder bites you.
* * * LOW HITPOINT WARNING * * *
The orc misses you.
Casting: Sandblast (safe; 6% risk of failure)
Confirm with . or Enter, or press ? or * to list all spells.
Aiming: Sandblast (safe; 6% risk of failure)
Press: ? - help, Shift-Dir - straight line, f - orc priest, p - orc
Aim: an orc priest, wielding a club and wearing a leather armour The blast of sand misses the orc.
The blast of sand misses the orc priest.
h - 24 stones The orc hits you.
* * * LOW HITPOINT WARNING * * *
The orc hits you with a dagger.
* * * LOW HITPOINT WARNING * * *
The rat twitches its whiskers.
Casting: Sandblast (safe; 6% risk of failure)
Confirm with . or Enter, or press ? or * to list all spells.
Aiming: Sandblast (safe; 6% risk of failure)
Press: ? - help, Shift-Dir - straight line, f/p - orc priest
Aim: an orc priest, wielding a club and wearing a leather armour The blast of sand misses the orc.
The blast of sand hits the orc priest.
The orc priest is moderately wounded.
h - 23 stones The orc completely misses you.
The orc hits you but does no damage.
Casting: Sandblast (safe; 6% risk of failure)
Confirm with . or Enter, or press ? or * to list all spells.
Aiming: Sandblast (safe; 6% risk of failure)
Press: ? - help, Shift-Dir - straight line, f/p - orc priest
Aim: an orc priest, wielding a club and wearing a leather armour (moderately wounded)
The blast of sand hits the orc priest.
The orc priest is heavily wounded.
h - 22 stones The orc hits you but does no damage. x2; The orc priest hits you with a club.
* * * LOW HITPOINT WARNING * * *
Unknown command.
Unknown command.
Casting: Sandblast (safe; 6% risk of failure)
Confirm with . or Enter, or press ? or * to list all spells.
Aiming: Sandblast (safe; 6% risk of failure)
Press: ? - help, Shift-Dir - straight line, f/p - orc priest
Aim: an orc priest, wielding a club and wearing a leather armour (heavily wounded)
The blast of sand hits the orc priest.
The orc priest is heavily wounded.
h - 21 stones The orc closely misses you.
The orc hits you with a dagger.
You die...

###########
#So@r......
#.#oo......
####.#....####
#######.).#........
#.......##.....<....
#.####### ........##
#.# .......... #)#
#.#.....#.# #.#
[##...##


You could see an orc priest, an adder, 2 orcs and a rat.

Vanquished Creatures
  A hound (D:3)
  An orc wizard (D:3)
  2 adders
  2 worms
  2 dart slugs
  A leopard gecko (D:2)
  An orc (D:3)
  4 bats
  4 giant cockroaches
  3 goblins
  8 hobgoblins
  2 jackals (D:2)
  5 kobolds
  A quokka (D:2)
  A ball python (D:1)
  3 rats (D:3)
41 creatures vanquished.

Notes
Turn   | Place    | Note
-------+----------+-------------------------------------------
     0 | D:1      | Amnesiac the Mummy Earth Elementalist began the quest for the Orb.
     0 | D:1      | Reached XP level 1. HP: 13/13 MP: 4/4
   828 | D:2      | Found a sacrificial altar of Ru.
   866 | D:2      | Reached XP level 2. HP: 18/19 MP: 1/5
   870 | D:2      | Learned a level 2 spell: Passwall
   924 | D:2      | Found an iron altar of Okawaru.
   924 | D:2      | Found an opulent altar of Gozag.
  1000 | D:2      | Reached skill level 1 in Short Blades
  1101 | D:2      | Found an opulent altar of Gozag.
  1390 | D:2      | Reached XP level 3. HP: 23/24 MP: 7/7
  1411 | D:2      | Found Zin's Purification Station.
  1413 | D:2      | Found a glowing silver altar of Zin.
  2236 | D:3      | Reached skill level 1 in Transmutations
  2236 | D:3      | Reached XP level 4. HP: 21/30 MP: 5/8
  2242 | D:3      | Learned a level 4 spell: Petrify
  2430 | D:3      | Slain by an orc

Vault maps used:
D:1:      dpeg_arrival_circle_labyrinth_c, minmay_hexomino_f4
D:2:      lemuel_crystal_altar, marbit_many_paths, zin_purify,
          gammafunk_temple_overflow_wave, nicolae_gozag_seed_capital
D:3:      grunt_ministairs_1
D:4:      first_ration, uniq_natasha, uniq_eustachio

Skill      XL: |  1  2  3  4 |
---------------+-------------+-----
Stealth        | 2 |  2.0
Short Blades   | 1 2 |  2.0
Spellcasting   | 3 |  3.0
Earth Magic    | 3 |  3.0
Transmutations | 1 2 |  2.2
Dodging        | |  1.5

Action                   |  1- 3 |  4- 6 || total
-------------------------+-------+-------++-------
Melee: Dagger            |   136 |    14 ||   150
 Cast: Sandblast         |    19 |     8 ||    27
       Passwall          |       |     1 ||     1
 Stab: Sleeping          |     1 |     1 ||     2
Armor: Robe              |    38 |     5 ||    43
Dodge: Dodged            |    93 |    10 ||   103

Table legend:
 A = Spawn XP
 B = Non-spawn XP
 C = Spawn XP percentage of total XP
 D = Spawn monster count
 E = Non-spawn monster count
 F = Spawn count percentage of total count
 G = Total turns spent on level
                    A         B        C        D         E        F      G
               +---------+---------+-------+---------+---------+-------+---------
         Total |       0 |     182 |   0.0 |       0 |      41 |   0.0 |  2430
               +---------+---------+-------+---------+---------+-------+---------
           D:1 |       0 |       9 |   0.0 |       0 |       5 |   0.0 |   654
           D:2 |       0 |      51 |   0.0 |       0 |      19 |   0.0 |  1094
           D:3 |       0 |     117 |   0.0 |       0 |      16 |   0.0 |   657
           D:4 |       0 |       5 |   0.0 |       0 |       1 |   0.0 |    25
               +---------+---------+-------+---------+---------+-------+---------
